 Dungeon Crawl Stone Soup version 0.21-a0-531-gacddea6 (webtiles) character file.

197 Hafrunt the Vexing (level 5, -2/41 HPs)
             Began as a Gnoll Wanderer on Dec 13, 2017.
             Was an Initiate of Nemelex Xobeh.
             Killed from afar by a white imp (6 damage)
             ... with a puff of frost
             ... summoned by Natasha
             ... on level 3 of the Dungeon.
             The game lasted 00:05:54 (2736 turns).

Hafrunt the Vexing (Gnoll Wanderer)                 Turns: 2736, Time: 00:05:54

Health: -2/41      AC:  2    Str: 13    XL:     5   Next: 75%
Magic:  9/9        EV: 12    Int: 18    God:    Nemelex Xobeh [......]
Gold:   73         SH:  0    Dex: 18    Spells: 9/10 levels left

rFire    + . .     SeeInvis .   a - +2 short sword
rCold    + . .     Gourm    .   (no shield)
rNeg     . . .     Faith    .   c - +0 robe
rPois    .         Spirit   .   (no helmet)
rElec    .         Reflect  .   v - scarf {rC+ rF+}
rCorr    .         Harm     .   (no gloves)
MR       .....                  (no boots)
Stlth    ++++......             (no amulet)
HPRegen  0.13/turn              l - ring of stealth
MPRegen  0.11/turn              (no ring)

@: brilliant, flying, slowed, very slow
A: distributed training, fangs 1, strong nose
a: Renounce Religion


You were on level 3 of the Dungeon.
You worshipped Nemelex Xobeh.
Nemelex Xobeh was noncommittal.
You were hungry.

You visited 1 branch of the dungeon, and saw 3 of its levels.

You collected 73 gold pieces.

Inventory:

Hand Weapons
 a - a +2 short sword (weapon)
Missiles
 k - 8 javelins (quivered)
Armour
 c - a +0 robe (worn)
 v - a scarf of resistance (worn)
Jewellery
 l - a ring of stealth (left hand)
Scrolls
 d - a scroll of enchant armour {unknown}
 e - 3 scrolls of random uselessness {unknown}
 g - 4 scrolls of identify {unknown}
 n - a scroll of fog {unknown}
 w - a scroll of amnesia {unknown}
 x - a scroll of immolation {unknown}
Potions
 h - a potion of invisibility {unknown}
 i - a potion of curing {unknown}
 j - a potion of lignification {unknown}
 m - a potion of haste {unknown}
 o - a potion of brilliance
 p - a potion of might {unknown}
 r - a potion of magic {unknown}
 s - a potion of flight
 u - a potion of heal wounds {unknown}
 z - a potion of agility
Books
 b - the Guide on Attacks

   Spells                             Type                      Level
   a - Flame Tongue                   Conjuration/Fire             1
   b - Stone Arrow                    Conjuration/Earth            3
Miscellaneous
 q - a plain deck of summoning {drawn: 2}
Comestibles
 f - 3 bread rations


   Skills:
 + Level 3.0 Fighting
 + Level 3.0 Short Blades
 + Level 1.6 Long Blades
 + Level 1.6 Axes
 + Level 1.6 Maces & Flails
 + Level 1.6 Polearms
 + Level 1.6 Staves
 + Level 1.6 Slings
 + Level 1.6 Bows
 + Level 1.6 Crossbows
 + Level 3.0 Throwing
 + Level 1.6 Armour
 + Level 1.6 Dodging
 + Level 4.4 Stealth
 + Level 1.6 Shields
 + Level 1.6 Unarmed Combat
 + Level 3.2 Spellcasting
 + Level 1.2 Conjurations
 + Level 7.2 Hexes
 + Level 1.2 Charms
 + Level 1.2 Summonings
 + Level 1.2 Necromancy
 + Level 1.2 Translocations
 + Level 1.2 Transmutations
 + Level 1.2 Fire Magic
 + Level 1.2 Ice Magic
 + Level 1.2 Air Magic
 + Level 1.2 Earth Magic
 + Level 1.2 Poison Magic
 + Level 1.8 Invocations
 + Level 1.6 Evocations


You had 9 spell levels left.
You knew the following spells:

 Your Spells              Type           Power        Failure   Level  Hunger
a - Flame Tongue          Conj/Fire      ###..        1%          1    None


Dungeon Overview and Level Annotations

Branches:
Dungeon (3/15)

Altars:
Cheibriados
Gozag
Nemelex Xobeh

Annotations:
D:3 Natasha


Innate Abilities, Weirdness & Mutations

Your experience applies equally to all skills.
You have very sharp teeth.
Your uncanny sense of smell can sniff out nearby items.


Message History

You feel yourself slow down.
Okay, then.
Evoke which item? (* to show all) (? for menu, Esc to quit)
You draw a card...
It is the Illusion.
Suddenly you stand beside yourself. The white imp gestures at you.
The puff of frost hits you! You resist.
* * * LOW HITPOINT WARNING * * *
Natasha misses you.
It was a potion of brilliance.
You feel clever all of a sudden.
The white imp hits you but does no damage.
Natasha barely misses you. The white imp misses you. Natasha claws you.
* * * LOW HITPOINT WARNING * * *
It was a potion of flight.
You feel very buoyant.
You fly up into the air.
The white imp gestures at you. The puff of frost hits you! You resist.
You die...
Your body disappears without a glow.

.###.# #.# #....'.......# #.#
.###.#####.###....####..### #.#
.............#....# #..# #.#
...#.#####.#.#.#### #..# #.#
...#.# #.#.#.# #..# #.#
...#.#####.#.#.# *####..# #.#
...#.......#.#.###......# #.##
.#.#########.#'#.5......# #...
.#..,,,,***#..<.@h......#****####
....,,,,.........@......,,,,,,>*
,,*,,,,...##...........#,*******
*,*,,,,..,*##..........',*
*,*,,,,,,,* #..........#**
*,*,,,,,,รท* #..........#
,,+,,,,,,,* #.......(..#
*,*,,,,,,,* ##.#.......#
*,,,,,,,,,* *,*,,,,,,,******


You could see Natasha, a white imp and the friendly Hafrunt's illusion.

Vanquished Creatures
  A sky beast (D:2)
  3 adders
  A worm (D:2)
  2 dart slugs
  A leopard gecko (D:2)
  An orc (D:3)
  2 giant cockroaches
  7 goblins
  4 hobgoblins
  6 bats
  4 frilled lizards
  6 kobolds
  11 rats
49 creatures vanquished.

Vanquished Creatures (collateral kills)
  Natasha (twice) (D:3)
  A giant cockroach (D:3)
  A goblin (D:3)
  A hobgoblin (D:3)
5 creatures vanquished.

Grand Total: 54 creatures vanquished

Notes
Turn   | Place    | Note
-------+----------+-------------------------------------------
     0 | D:1      | Hafrunt the Gnoll Wanderer began the quest for the Orb.
     0 | D:1      | Hafrunt set off with: a +2 short sword, the Guide on Attacks, a +0 robe, a +0 dagger, a bread ration
     0 | D:1      | Reached XP level 1. HP: 17/17 MP: 4/4
     1 | D:1      | Identified the Guide on Attacks
     3 | D:1      | Learned a level 1 spell: Flame Tongue
   201 | D:1      | Reached XP level 2. HP: 23/23 MP: 5/5
   767 | D:2      | Noticed a sky beast
   803 | D:2      | Killed a sky beast
   803 | D:2      | Reached skill level 1 in Long Blades
   803 | D:2      | Reached skill level 1 in Axes
   803 | D:2      | Reached skill level 1 in Maces & Flails
   803 | D:2      | Reached skill level 1 in Polearms
   803 | D:2      | Reached skill level 1 in Staves
   803 | D:2      | Reached skill level 1 in Slings
   803 | D:2      | Reached skill level 1 in Bows
   803 | D:2      | Reached skill level 1 in Crossbows
   803 | D:2      | Reached skill level 1 in Armour
   803 | D:2      | Reached skill level 1 in Dodging
   803 | D:2      | Reached skill level 1 in Shields
   803 | D:2      | Reached skill level 1 in Unarmed Combat
   803 | D:2      | Reached skill level 1 in Conjurations
   803 | D:2      | Reached skill level 1 in Charms
   803 | D:2      | Reached skill level 1 in Summonings
   803 | D:2      | Reached skill level 1 in Necromancy
   803 | D:2      | Reached skill level 1 in Translocations
   803 | D:2      | Reached skill level 1 in Transmutations
   803 | D:2      | Reached skill level 1 in Fire Magic
   803 | D:2      | Reached skill level 1 in Ice Magic
   803 | D:2      | Reached skill level 1 in Air Magic
   803 | D:2      | Reached skill level 1 in Earth Magic
   803 | D:2      | Reached skill level 1 in Poison Magic
   803 | D:2      | Reached skill level 1 in Invocations
   803 | D:2      | Reached skill level 1 in Evocations
   803 | D:2      | Reached XP level 3. HP: 17/28 MP: 5/7
   803 | D:2      | Reached XP level 4. HP: 21/34 MP: 5/8
   987 | D:2      | Reached XP level 5. HP: 21/40 MP: 9/9
  1597 | D:2      | Found a sparkling altar of Nemelex Xobeh.
  1598 | D:2      | Found an opulent altar of Gozag.
  1603 | D:2      | Became a worshipper of Nemelex Xobeh the Trickster
  1780 | D:2      | Received a gift from Nemelex Xobeh
  2236 | D:3      | Noticed Natasha
  2244 | D:3      | Killed Natasha
  2253 | D:3      | Noticed Natasha
  2262 | D:3      | Killed Natasha
  2268 | D:3      | Found a snail-covered altar of Cheibriados.
  2724 | D:3      | Noticed Natasha
  2736 | D:3      | Killed from afar by a white imp

Vault maps used:
D:1:      saegor_arrival_simple_d
D:2:      grunt_temple_overflow_opulence
D:3:      old_standard_altar, first_bread, minivault_4,
          minmay_misc_feat_hallway, uniq_natasha

Skill      XL: |  1  2  3  4  5 |
---------------+----------------+-----
Long Blades    | 1 |  1.6
Axes           | 1 |  1.6
Maces & Flails | 1 |  1.6
Polearms       | 1 |  1.6
Staves         | 1 |  1.6
Slings         | 1 |  1.6
Bows           | 1 |  1.6
Crossbows      | 1 |  1.6
Armour         | 1 |  1.6
Dodging        | 1 |  1.6
Shields        | 1 |  1.6
Unarmed Combat | 1 |  1.6
Spellcasting   | 3 |  3.2
Conjurations   | 1 |  1.2
Charms         | 1 |  1.2
Summonings     | 1 |  1.2
Necromancy     | 1 |  1.2
Translocations | 1 |  1.2
Transmutations | 1 |  1.2
Fire Magic     | 1 |  1.2
Ice Magic      | 1 |  1.2
Air Magic      | 1 |  1.2
Earth Magic    | 1 |  1.2
Poison Magic   | 1 |  1.2
Invocations    | 1 |  1.8
Evocations     | 1 |  1.6
Fighting       | 3 |  3.0
Short Blades   | 3 |  3.0
Throwing       | 3 |  3.0
Stealth        | |  4.4
Hexes          | |  7.2

Action                   |  1- 3 |  4- 6 || total
-------------------------+-------+-------++-------
Melee: Short sword       |    47 |    78 ||   125
       Bite              |     8 |     5 ||    13
Throw: Javelin           |     4 |       ||     4
Evoke: Deck              |       |     2 ||     2
  Use: Potion            |       |     2 ||     2
 Stab: Sleeping          |     7 |     7 ||    14
  Eat: Chunk             |       |     5 ||     5
Armor: Robe              |     4 |    16 ||    20
Dodge: Dodged            |    16 |    49 ||    65

Table legend:
 A = Spawn XP
 B = Non-spawn XP
 C = Spawn XP percentage of total XP
 D = Spawn monster count
 E = Non-spawn monster count
 F = Spawn count percentage of total count
 G = Total turns spent on level
                    A         B        C        D         E        F      G
               +---------+---------+-------+---------+---------+-------+---------
         Total |       0 |     282 |   0.0 |       0 |      54 |   0.0 |  2736
               +---------+---------+-------+---------+---------+-------+---------
           D:1 |       0 |      21 |   0.0 |       0 |      14 |   0.0 |   680
           D:2 |       0 |     163 |   0.0 |       0 |      16 |   0.0 |  1204
           D:3 |       0 |      98 |   0.0 |       0 |      24 |   0.0 |   852
               +---------+---------+-------+---------+---------+-------+---------
